 Dungeon Crawl Stone Soup version 0.30-a0-924-g0ad0bf95bc (webtiles) character file.

Game seed: 17752573872920806300

22262 ZappyNine the Protected (level 12, -5/106 HPs)
             Began as an Armataur Warper on Mar 22, 2023.
             Was an Elder of Ashenzari.
             Slain by a yak (6 damage)
             ... led by a torpor snail
             ... on level 2 of the Lair of Beasts.
             The game lasted 00:29:16 (11491 turns).

ZappyNine the Protected (Armataur Warper)          Turns: 11491, Time: 00:29:17

Health: -5/106     AC: 31    Str: 21    XL:     12   Next: 61%
Magic:  13/27      EV: 11    Int: 15    God:    Ashenzari [****..]
Gold:   612        SH:  0    Dex: 21    Spells: 18/33 levels left

rFire   . . .      SeeInvis +    q - +5 glaive of the Guard {elec, spectral, AC+5, Melee, Comp} (curse)
rCold   . . .      Faith    .    (shield currently unavailable)
rNeg    . . .      Spirit   .    D - +0 steam dragon scales
rPois   +          Reflect  .    y - +2 helmet of the Ensconced Comet {Comp, Self} (curse)
rElec   .          Roll     +    M - +2 cloak {rPois}
rCorr   .          Clarity  +    i - +2 pair of gloves of Ashenzari's Portent {Elem, Self} (curse)
Will    .....                    j - +1 barding of Ashenzari's Oracle {Evo, Bglg} (curse)
Stlth   ++                       s - amulet of magic regeneration
HPRegen 0.37/turn                n - +6 ring of dexterity
MPRegen 0.60/turn                f - ring of the Restrained Stars {Dex+6, Range, Melee} (curse)

@: mighty, wereblooded, very slightly contaminated, invisible
A: large, rugged brown scales 3, deformed body, armoured tail, roll, long
tongue, awkward tongue, iridescent scales 1, frail 1, wild magic 1
a: Renounce Religion, Curse Item, Shatter the Chains


You were on level 2 of the Lair of Beasts.
You worshipped Ashenzari.
Ashenzari was greatly pleased with you.
You visited 3 branches of the dungeon, and saw 13 of its levels.
You also visited: Sewer and Bailey.

You collected 731 gold pieces.
You spent 119 gold pieces at shops.

Inventory:

Hand Weapons
 a - a +1 vampiric mace
 q - the cursed +5 glaive of the Guard (weapon) {elec, spectral, AC+5, Melee, Comp}
   (You found it on level 2 of the Dungeon)

   AC:        It affects your AC (+5).
   It has a curse which improves the following skills: Melee Combat: Short
   Blades, Long Blades, Axes, Maces & Flails, Polearms, Staves and Unarmed
   Combat.
   Companions: Summonings and Necromancy.
Missiles
 d - 7 boomerangs of dispersal (quivered)
 H - a throwing net
Armour
 b - the +0 leather armour of the King of the Hill {Dex+4}
   (You bought it in a shop on level 6 of the Dungeon)

   Dex:       It affects your dexterity (+4).
 i - the cursed +2 pair of gloves of Ashenzari's Portent (worn) {Elem, Self}
   (You found it on level 1 of the Dungeon)

   It has a curse which improves the following skills: Elements: Fire Magic, Ice
   Magic, Air Magic and Earth Magic.
   Introspection: Fighting and Spellcasting.
 j - the cursed +1 barding of Ashenzari's Oracle (worn) {Evo, Bglg}
   (You found it on level 1 of the Dungeon)

   It has a curse which improves the following skills: Evocations: Evocations.
   Beguiling: Conjurations, Hexes and Translocations.
 y - the cursed +2 helmet of the Ensconced Comet (worn) {Comp, Self}
   (You found it on level 4 of the Dungeon)

   It has a curse which improves the following skills: Companions: Summonings
   and Necromancy.
   Introspection: Fighting and Spellcasting.
 D - +0 steam dragon scales (worn)
 M - a +2 cloak of poison resistance (worn)
 Q - the scarf of the Furies {repulsion, *Corrode rF++}
   (You found it on level 1 of the Lair of Beasts)

   rF:        It greatly protects you from fire.
   *Corrode:  It may corrode you when you take damage.
Jewellery
 f - the cursed ring of the Restrained Stars (right hand) {Dex+6, Range, Melee}
   (You found it on level 4 of the Dungeon)

   [ring of dexterity]

   Dex:       It affects your dexterity (+6).
   It has a curse which improves the following skills: Ranged Combat: Ranged
   Weapons and Throwing.
   Melee Combat: Short Blades, Long Blades, Axes, Maces & Flails, Polearms,
   Staves and Unarmed Combat.
 n - a +6 ring of dexterity (left hand)
 s - an amulet of magic regeneration (around neck)
 v - an amulet of guardian spirit
 I - a ring of wizardry
 K - a +6 ring of dexterity
 N - a ring of wizardry
Wands
 x - a wand of mindburst (20)
 A - a wand of iceblast (11)
 C - a wand of flame (14)
 E - a wand of light (6)
 P - a wand of digging (7)
Scrolls
 c - a scroll of blinking
 e - 5 scrolls of teleportation
 t - a scroll of fog
 u - 2 scrolls of enchant weapon
 z - 4 scrolls of enchant armour
 O - a scroll of amnesia
Potions
 g - 5 potions of brilliance
 h - 2 potions of degeneration
 k - 3 potions of magic
 l - 6 potions of curing
 o - 2 potions of might
 p - 2 potions of resistance
 r - 2 potions of lignification
 w - a potion of ambrosia
 B - a potion of flight
 F - 3 potions of cancellation
 G - 2 potions of berserk rage
 J - a potion of heal wounds
Miscellaneous
 L - a phantom mirror


   Skills:
 + Level 8.5(11.2) Fighting
 - Level 2.5(4.7) Maces & Flails
 + Level 6.1(8.8) Polearms
 - Level 0.8(1.8) Throwing
 - Level 9.2 Armour
 - Level 5.8 Dodging
 + Level 8.3(11.1) Spellcasting
 - Level 5.1(6.9) Hexes
 - Level 4.6(7.2) Necromancy
 - Level 5.0(6.7) Translocations
 - Level 5.1 Transmutations


You had 18 spell levels left.
You knew the following spells:

 Your Spells              Type           Power      Damage    Failure   Level
a - Blink                 Tloc           74%        N/A       1%          2
b - Wereblood             Tmut           30%        N/A       3%          2
c - Manifold Assault      Tloc           37%        N/A       9%          4
d - Vhi's Electric Charg  Tloc/Air       48%        N/A       10%         3
e - Anguish               Hex/Necr       19%        N/A       8%          4

Your spell library contained the following spells:

 Spells                   Type           Power      Damage    Failure   Level
 Lesser Beckoning         Tloc           74%        N/A       1%          2
 Sublimation of Blood     Necr           39%        N/A       1%          2
 Beastly Appendage        Tmut           60%        N/A       2%          1
 Teleport Other           Tloc           37%        N/A       3%          3
 Summon Guardian Golem    Hex/Summ       25%        N/A       10%         3
 Freeze                   Ice            44%        1d6       12%         1
 Spider Form              Tmut/Pois      20%        N/A       13%         3
 Frozen Ramparts          Ice            22%        1d4       32%         3
 Hailstorm                Conj/Ice       11%        3d5       32%         3
 Ozocubu's Armour         Ice            11%        N/A       32%         3
 Petrify                  Tmut/Erth      21%        N/A       36%         4
 Irradiate                Conj/Tmut      10%        3d15      71%         5
 Enfeeble                 Hex            18%        N/A       99%         7
 Orb of Destruction       Conj           5%         9d5       100%        7
 Ozocubu's Refrigeration  Ice            5%         4d8       100%        7
 Spellforged Servitor     Conj/Summ      5%         N/A       100%        7
 Storm Form               Tmut/Air       10%        N/A       100%        7


Dungeon Overview and Level Annotations

Branches:
Dungeon (10/15)            Temple (1/1) D:5            Lair (2/5) D:10
 Spider (0/4) Lair:2        Sewer (visited)          Bailey (visited)
  Swamp: Lair:2-3    Shoals: Lair:2-3       Orc: D:9-12

Altars:
Ashenzari
Cheibriados
Dithmenos
Elyvilon
Fedhas
Gozag
Hepliaklqana
Kikubaaqudgha
Makhleb
Nemelex Xobeh
Okawaru
Qazlal
Ru
Sif Muna
Trog
Uskayaw
Vehumet
Wu Jian
Xom
Yredelemnul
Zin
The Shining One

Shops:
D:6 [   D:9 ***:(


Innate Abilities, Weirdness & Mutations

You are completely covered in rugged brown scales. (AC +3, +7% HP)
Armour fits poorly on your strangely shaped body.
You have a long armoured tail.
You roll when moving toward enemies. (Rampage)
Your long tongue fully drains potion bottles. (2x potion effects)
Your tongue gives you trouble enunciating. (1.5x scroll delay)
You are partially covered in iridescent scales. (AC +2)
You are frail. (-10% HP)
Your spells are a little harder to cast, but a little more powerful.


Message History

Unknown command.
You miss Prince Ribbit.
Prince Ribbit is almost dead.
The scorpion is no longer encased in ice.
Prince Ribbit hits you!
* * * LOW HITPOINT WARNING * * *
Prince Ribbit is wracked by anguish!
The blink frog hits you.
* * * LOW HITPOINT WARNING * * *
The demonic crawler closely misses you.
The demonic crawler hits you but does no damage. x2
Prince Ribbit hits you but does no damage.
The yak gores you but does no damage. The yak barely misses you.
The yak gores you but does no damage.
The demonic crawler hits you but does no damage. x3
Prince Ribbit closely misses you. The yak closely misses you.
Unknown command.
Unknown command.
You barely miss Prince Ribbit.
The yak bellows!
Your tail-slap misses Prince Ribbit.
Prince Ribbit is almost dead.
Your +5 glaive of the Guard {elec, spectral, AC+5, Melee, Comp} misses Prince Ribbit.
You feel yourself speed up. Prince Ribbit hits you.
* * * LOW HITPOINT WARNING * * *
Prince Ribbit is wracked by anguish.
Prince Ribbit dies!
Prince Ribbit returns to his original shape as he dies.
The demonic crawler barely misses you. The demonic crawler hits you.
* * * LOW HITPOINT WARNING * * *
The demonic crawler is wracked by anguish.
The demonic crawler hits you!
* * * LOW HITPOINT WARNING * * *
The demonic crawler is wracked by anguish!
The blink frog hits your +5 glaive of the Guard {elec, spectral, AC+5, Melee, Comp}!
Your spectral weapon shares its damage with you!
* * * LOW HITPOINT WARNING * * *
The scorpion stings you but does no damage.
The yak barely misses you. The yak closely misses you. The yak gores you.
You die...

#######.. * * ,
#....... * , *, * * *
#......* * , , , , ,
#.....#* ,, ,, ,
*,##....###*### ,, ,,
,* #...<.P.##..### **
~~ *,**
#....†......... , *
*,
,....##...(YY.$...#*,
** ..# *##.FF@Y##...
* ,, . ###s#sY..... ,
,, , , ,, ,,,
#s#wl.....# , ** , ,
,.wk{{s......, * * ,
,...{ ........, , ,
*, #...## .#.#.... ,*
* , , , *##.#
.####... ,* * * , ,..
, ,, ,P.. , , , ,
*,,, , ,,,, ,< ,,, *


You could see a demonic crawler (anguished), 4 yaks, a basilisk (unable to see
you), 2 blink frogs, a rime drake (unable to see you, catching breath), a worm
(unable to see you), 3 scorpions and a friendly +5 glaive of the Guard {elec,
spectral, AC+5, Melee, Comp} (summoned).

Vanquished Creatures
  2 death yaks (Lair:1)
  2 centaur warriors (D:9)
  A boulder beetle (D:9)
  5 two-headed ogres
  Urug (D:10)
  An ugly thing (D:9)
  2 cyclopes (D:9)
  Joseph (D:7)
  2 cane toads
  Maggie (D:6)
  A torpor snail (Lair:1)
  3 kobold demonologists (D:9)
  A hornet (D:9)
  3 trolls
  4 blink frogs (Lair:1)
  Sigmund (D:5)
  A slime creature (D:10)
  4 spriggans (Bailey)
  A vampire (D:10)
  A wyvern (D:9)
  2 wraiths
  12 yaks
  Grum (D:9)
  3 steam dragons
  4 water moccasins
  5 orc warriors
  Pargi (Sewer)
  An ice beast (D:8)
  2 sky beasts
  2 black bears
  8 ogres (Bailey)
  5 centaurs
  11 wolves
  6 kobold brigands
  2 gnoll sergeants
  5 bullfrogs
  6 wights
  5 killer bees
  5 howler monkeys
  4 electric eels (D:10)
  7 hounds
  2 jellies
  A gnoll bouda (D:5)
  12 orc priests
  2 sleepcaps
  2 iguanas (D:5)
  Ijyb (D:5)
  Natasha (thrice) (D:2)
  13 orc wizards
  12 gnolls
  8 adders
  2 shadow imps (D:6)
  4 white imps
  4 ufetubi
  2 dart slugs (D:2)
  A worm (D:2)
  25 orcs
  7 bats
  5 endoplasms
  2 giant cockroaches
  10 goblins
  A hobgoblin (D:2)
  2 jackals (D:1)
  16 kobolds
  A quokka (D:2)
  9 ball pythons
  8 frilled lizards
  5 rats
295 creatures vanquished.

Vanquished Creatures (others)
  A skeletal warrior (D:9)
  Prince Ribbit (Lair:2)
  An orc (D:10)
  A giant cockroach (Lair:2)
4 creatures vanquished.

Grand Total: 299 creatures vanquished

Notes
Turn   | Place    | Note
-------+----------+-------------------------------------------
     0 | D:1      | ZappyNine the Armataur Warper began the quest for the Orb.
     0 | D:1      | Reached XP level 1. HP: 18/18 MP: 3/3
   285 | D:1      | Reached XP level 2. HP: 25/25 MP: 4/4
   359 | D:1      | Found a faded altar of an unknown god.
   888 | D:2      | Noticed Natasha
   896 | D:2      | Killed Natasha
   897 | D:2      | Reached skill level 2 in Armour
   897 | D:2      | Reached XP level 3. HP: 24/31 MP: 6/6
  1263 | D:2      | Noticed Natasha
  1272 | D:2      | Killed Natasha
  1273 | D:2      | Reached XP level 4. HP: 32/39 MP: 7/7
  1507 | D:2      | Found the +5 glaive of the Guard {elec, spectral, AC+5}
  1523 | D:2      | Noticed Natasha
  1542 | D:2      | Killed Natasha
  1543 | D:2      | Reached skill level 1 in Polearms
  1985 | D:2      | Reached XP level 5. HP: 44/44 MP: 8/8
  2119 | D:2      | Learned a level 2 spell: Blink
  2563 | D:3      | Found a blossoming altar of Fedhas.
  3300 | D:4      | Noticed a black bear
  3305 | D:4      | Killed a black bear
  3306 | D:4      | Reached XP level 6. HP: 44/53 MP: 9/9
  3408 | D:4      | Found a glowing drain.
  3419 | Sewer    | Entered a sewer
  3498 | Sewer    | Noticed Pargi
  3504 | Sewer    | Killed Pargi
  3735 | D:5      | Entered Level 5 of the Dungeon
  3761 | D:5      | Noticed a water moccasin
  3772 | D:5      | Killed a water moccasin
  3773 | D:5      | Reached skill level 5 in Polearms
  3773 | D:5      | Reached XP level 7. HP: 59/59 MP: 10/10
  3894 | D:5      | Found a staircase to the Ecumenical Temple.
  3988 | Temple   | Entered the Ecumenical Temple
  4381 | Temple   | Became a worshipper of Ashenzari the Shackled
  4497 | D:5      | Noticed Ijyb
  4502 | D:5      | Killed Ijyb
  4691 | D:5      | Learned a level 2 spell: Wereblood
  4813 | D:5      | Noticed Sigmund
  4834 | D:5      | Killed Sigmund
  4907 | D:5      | Reached XP level 8. HP: 64/66 MP: 11/13
  5213 | D:6      | Reached * piety under Ashenzari
  5538 | D:6      | Found Tiytenam's Antique Armour Emporium.
  5544 | D:6      | Noticed Maggie
  5551 | D:6      | Killed Maggie
  5594 | D:6      | Bought a faintly glowing leather armour for 119 gold pieces
  5594 | D:6      | Identified the +0 leather armour of the King of the Hill
                  | {Dex+4} (You bought it in a shop on level 6 of the Dungeon)
  5613 | D:6      | Reached skill level 5 in Spellcasting
  6082 | D:7      | Reached skill level 5 in Transmutations
  6247 | D:7      | Reached XP level 9. HP: 72/72 MP: 17/17
  6315 | D:7      | Noticed Joseph
  6324 | D:7      | Killed Joseph
  6333 | D:7      | Reached skill level 5 in Translocations
  6616 | D:7      | Found a burning altar of Makhleb.
  6684 | D:7      | Reached ** piety under Ashenzari
  6739 | D:7      | Learned a level 4 spell: Manifold Assault
  7093 | D:8      | Found a hazy altar of Hepliaklqana.
  7211 | D:8      | Found a basalt altar of Yredelemnul.
  7211 | D:8      | Found a bloodstained altar of Trog.
  7343 | D:8      | Found a sacrificial altar of Ru.
  7466 | D:9      | Reached skill level 5 in Fighting
  7470 | D:9      | Learned a level 3 spell: Vhi's Electric Charge
  7556 | D:9      | Found Pual Zic's General Store.
  7574 | D:9      | Found a flagged portal.
  7592 | D:9      | Found Lodusm Peho's Assorted Antiques.
  7593 | D:9      | Reached XP level 10. HP: 53/89 MP: 10/22
  7594 | D:9      | Noticed Grum
  7596 | D:9      | Killed Grum
  7652 | Bailey   | Entered a bailey
  7779 | Bailey   | Noticed a two-headed ogre
  7788 | Bailey   | Killed a two-headed ogre
  8102 | D:9      | Found Efueril's Book Emporium.
  8179 | D:9      | Found an ancient bone altar of Kikubaaqudgha.
  8180 | D:9      | Found Huveutok's General Store.
  8197 | D:9      | Reached *** piety under Ashenzari
  8258 | D:9      | Reached skill level 3 in Armour
  8372 | D:9      | Noticed a two-headed ogre
  8379 | D:9      | Killed a two-headed ogre
  8380 | D:9      | Reached skill level 4 in Armour
  8464 | D:9      | Noticed a two-headed ogre
  8468 | D:9      | Killed a two-headed ogre
  8469 | D:9      | Reached skill level 5 in Armour
  8469 | D:9      | Reached XP level 11. HP: 103/103 MP: 17/24
  8547 | D:9      | Reached skill level 6 in Armour
  8584 | D:9      | Noticed a centaur warrior
  8586 | D:9      | Killed a centaur warrior
  8620 | D:9      | Noticed a two-headed ogre
  8622 | D:9      | Killed a two-headed ogre
  8623 | D:9      | Reached skill level 7 in Armour
  8623 | D:9      | Noticed a cyan ugly thing
  8628 | D:9      | Killed a cyan ugly thing
  8631 | D:9      | Identified the +8 falchion "Gyan" {vamp, rC+ SInv}
  8632 | D:9      | Reached skill level 8 in Armour
  8632 | D:9      | Reached skill level 5 in Dodging
  8724 | D:9      | Noticed a boulder beetle
  8726 | D:9      | Identified the +10 long sword of Yeast {heavy, rPois rC+
                  | rN+}
  8726 | D:9      | Noticed a skeletal warrior
  8726 | D:9      | Noticed a centaur warrior
  8729 | D:9      | Killed a boulder beetle
  8748 | D:9      | Killed a skeletal warrior
  8749 | D:9      | Killed a centaur warrior
  8750 | D:9      | Reached skill level 9 in Armour
  8756 | D:9      | Learned a level 4 spell: Anguish
  9160 | D:9      | Found an iron altar of Okawaru.
  9240 | D:9      | Found Giobaux's Weapon Shoppe.
  9410 | D:10     | Entered Level 10 of the Dungeon
  9453 | D:10     | Reached skill level 1 in Hexes
  9457 | D:10     | Reached skill level 1 in Necromancy
  9463 | D:10     | HP: 5/103 [electric eel/bolt of electricity (11)]
  9467 | D:10     | Found a staircase to the Lair.
  9996 | D:10     | Noticed Urug
 10005 | D:10     | Killed Urug
 10006 | D:10     | Reached XP level 12. HP: 71/112 MP: 25/25
 10139 | D:10     | Noticed a two-headed ogre
 10144 | D:10     | Killed a two-headed ogre
 10272 | D:10     | Found a runed translucent door.
 10547 | D:10     | Gained mutation: You are frail. (-10% HP) [potion of
                  | mutation]
 10547 | D:10     | Gained mutation: Your body sometimes deteriorates upon
                  | taking damage. [potion of mutation]
 10547 | D:10     | Gained mutation: You passively map a small area around you.
                  | [potion of mutation]
 10548 | D:10     | Lost mutation: You are frail. (-10% HP) [potion of
                  | mutation]
 10548 | D:10     | Lost mutation: Your body sometimes deteriorates upon taking
                  | damage. [potion of mutation]
 10548 | D:10     | Lost mutation: You passively map a small area around you.
                  | [potion of mutation]
 10548 | D:10     | Gained mutation: You are partially covered in iridescent
                  | scales. (AC +2) [potion of mutation]
 10548 | D:10     | Gained mutation: You are frail. (-10% HP) [potion of
                  | mutation]
 10548 | D:10     | Gained mutation: Your spells are a little harder to cast,
                  | but a little more powerful. [potion of mutation]
 10704 | D:10     | Reached **** piety under Ashenzari
 10781 | Lair:1   | Entered Level 1 of the Lair of Beasts
 10816 | Lair:1   | Noticed a death yak
 10819 | Lair:1   | Noticed a death yak
 10820 | Lair:1   | Killed a death yak
 10822 | Lair:1   | Killed a death yak
 10823 | Lair:1   | Reached skill level 5 in Hexes
 11335 | Lair:1   | Identified the scarf of the Furies {repulsion, *Corrode
                  | rF++}
 11475 | Lair:2   | Noticed Prince Ribbit
 11486 | Lair:2   | HP: 4/106 [demonic crawler (9)]
 11486 | Lair:2   | HP: 1/106 [torpor snail (3)]
 11491 | Lair:2   | Killed Prince Ribbit
 11491 | Lair:2   | HP: 2/106 [demonic crawler (8)]
 11491 | Lair:2   | Slain by a yak

Illustrated notes

Levels and vault maps discovered:
D:1:      dpeg_arrival_shelter, layout_loops_ring,
          nicolae_ecumenical_lake_church, columned_hall_lemuel,
          hangedman_feature_mirror
D:2:      layout_loops_corners, uniq_natasha
D:3:      layout_loops_ring, mainiacjoe_overflow_alcove_1
D:4:      layout_loops_ring, portal_sewer_entry_d, palyth_stone_intersect
D:5:      layout_basic, minmay_temple_entry_statues_fountains, uniq_ijyb,
          uniq_sigmund
D:6:      layout_basic, serial_shops, shop, uniq_maggie
D:7:      layout_loops_ring, lemuel_crystal_altar, corexii_leaking_fountain,
          uniq_joseph
D:8:      layout_cave_pools, chequers_temple_overflow_statue_of_worship,
          gammafunk_temple_overflow_wave
D:9:      minmay_the_grid_triangle_9x9_rhombus_full
          [minmay_the_grid_triangle_9x9_negative_grid,
          minmay_the_grid_triangle_9x9_checkered,
          minmay_the_grid_triangle_9x9_corrupted_corridor,
          minmay_the_grid_triangle_9x9_sprig,
          minmay_the_grid_triangle_9x9_from_above,
          minmay_the_grid_triangle_9x9_odd_lines,
          minmay_the_grid_triangle_9x9_stretched_checkered,
          minmay_the_grid_triangle_9x9_prize_center], layout_long_grid,
          okawaru_altar_gauntlet_db, kiku_gazebo_garden_becter, enter_bailey_2,
          serial_shops, nicolae_shop_behind_doors, nicolae_shop_stone,
          shop_fountains, shop, shop, uniq_grum
D:10:     layout_long_grid, erik_lair_island, minmay_st_funbox, uniq_urug
Temple:   dpeg_chambers_temple
Lair:1:   layout_gridlike, chequers_serial_rivers_micro_b
Lair:2:   nzn_winding_woodlands_cross [nzn_winding_woodlands_5x15_longhouse,
          nzn_winding_woodlands_5x15_split_checker,
          nzn_winding_woodlands_5x15_crooked,
          nzn_winding_woodlands_5x15_sidewinder,
          nzn_winding_woodlands_15x15_thick_spiral], layout_misc_corridors,
          nicolae_spider_entry_non_spiders, gammafunk_ghost_hydra_chop,
          grunt_forest_small_clearings, infiniplex_staircase_pool,
          uniq_prince_ribbit2

Skill      XL: |  1  2  3  4  5  6  7  8  9 10 11 12 |
---------------+-------------------------------------+-----
Fighting       | 2 5 8 |  8.5
Maces & Flails | 2 |  2.5
Spellcasting   | 2 3 5 7 8 |  8.3
Armour         | 2 5 9 |  9.2
Polearms       | 2 3 5 6 |  6.1
Transmutations | 2 5 |  5.1
Translocations | 5 |  5.0
Dodging        | 3 5 |  5.8
Hexes          | 2 5 |  5.1
Necromancy     | 2 4 |  4.6
Throwing       | |  0.8

Action                     |  1- 3 |  4- 6 |  7- 9 | 10-12 || total
---------------------------+-------+-------+-------+-------++-------
  Melee: Mace              |    64 |    20 |       |       ||    84
         Tailslap          |     5 |     4 |    12 |    20 ||    41
         Punch             |     1 |       |       |       ||     1
         Glaive            |       |    75 |   155 |   304 ||   534
   Cast: Manifold Assault  |       |       |    15 |    63 ||    78
         Vhi's Electric Ch |       |       |     1 |     9 ||    10
         Blink             |       |       |       |     2 ||     2
         Wereblood         |       |       |       |     4 ||     4
         Anguish           |       |       |       |     7 ||     7
 Invoke: Curse Item        |       |       |     3 |     2 ||     5
    Use: Scroll            |       |    10 |     1 |     3 ||    14
         Potion            |       |       |     1 |    12 ||    13
   Stab: Sleeping          |     1 |     6 |     2 |       ||     9
         Distracted        |       |     1 |       |     4 ||     5
         Invisible         |       |       |       |     1 ||     1
 Armour: Leather armour    |    36 |    55 |    32 |       ||   123
         Steam dragon scal |       |       |    68 |   180 ||   248
  Dodge: Dodged            |    25 |    23 |    63 |   165 ||   276

Table legend: (Time is in decaauts)
 A = Elapsed time spent in this place.
 B = Non-inter-level travel time spent in this place.
 C = Inter-level travel time spent in this place.
 D = Time resting spent in this place.
 E = Time spent auto-exploring this place.
 F = Levels seen in this place.
 G = Mean time per level.
                   A        B        C        D        E       F      G
               +--------+--------+--------+--------+--------+-----+--------+
         Total |  11703 |  11183 |    520 |   1591 |   7698 |  15 |  780.2 |
       Dungeon |   9948 |   9593 |    355 |   1402 |   6652 |  10 |  994.8 |
        Temple |    420 |    283 |    137 |      0 |    267 |   1 |  420.0 |
          Lair |    732 |    705 |     27 |      0 |    576 |   2 |  366.0 |
         Sewer |    166 |    166 |      0 |      0 |     74 |   1 |  166.0 |
        Bailey |    434 |    434 |      0 |    189 |    129 |   1 |  434.0 |
               +--------+--------+--------+--------+--------+-----+--------+

Top non-repeatable levels by time:
     D:9: 1562 daAuts
    D:10: 1394 daAuts
     D:2: 1273 daAuts
     D:5: 1028 daAuts
     D:7: 1000 daAuts
     D:1: 898 daAuts
     D:6: 822 daAuts
     D:4: 770 daAuts
  Lair:1: 707 daAuts
     D:3: 695 daAuts
     D:8: 502 daAuts
  Bailey: 434 daAuts
  Temple: 420 daAuts
   Sewer: 166 daAuts
  Lair:2: 25 daAuts
